 Dungeon Crawl Stone Soup version 0.23-a0-446-g036aa52 (webtiles) character file.

19377 Dfrag the Arsonist (level 12, -4/88 HPs)
             Began as a Naga Fire Elementalist on Nov 18, 2018.
             Was a High Priest of Makhleb.
             Slain by a black mamba (11 damage)
             ... on level 1 of the Lair of Beasts.
             The game lasted 00:29:44 (12627 turns).

Dfrag the Arsonist (Naga Fire Elementalist)        Turns: 12627, Time: 00:29:45

Health: -4/88      AC:  9    Str: 11    XL:     12   Next: 68%
Magic:  14/42      EV: 10    Int: 20    God:    Makhleb [*****.]
Gold:   787        SH:  0    Dex: 12    Spells: 20/33 levels left

rFire    + + .     SeeInvis +   P - staff of power
rCold    x . .     Gourm    .   (no shield)
rNeg     . . .     Faith    .   N - +1 robe of the Orb {rF+}
rPois    +         Spirit   .   (no helmet)
rElec    .         Reflect  .   Q - +1 cloak {+Inv}
rCorr    .         Harm     .   p - +0 pair of gloves
MR       ++...                  (no barding)
Stlth    ++........             (no amulet)
HPRegen  0.24/turn              v - ring of fire
MPRegen  0.28/turn              t - ring of protection from magic

@: lethally poisoned (-4 -> -8), very slow
A: large, see invisible, deformed body, poison resistance, slowness 2, slow
metabolism 1, spit poison 1, AC +4
a: Spit Poison, Minor Destruction, Lesser Servant of Makhleb, Major Destruction,
Greater Servant of Makhleb, Renounce Religion, Evoke Invisibility


You were on level 1 of the Lair of Beasts.
You worshipped Makhleb.
Makhleb was extremely pleased with you.
You were not hungry.

You visited 3 branches of the dungeon, and saw 14 of its levels.

You collected 912 gold pieces.
You spent 125 gold pieces at shops.

Inventory:

Hand Weapons
 b - a +5 mace of protection
 n - a +3 spear
Armour
 p - a +0 pair of gloves (worn)
 N - the +1 robe of the Orb (worn) {rF+}
   (You found it on level 8 of the Dungeon)

   It protects you from fire.
 Q - a +1 cloak of invisibility (worn)
 V - a +2 robe of cold resistance
Magical Staves
 P - an uncursed staff of power (weapon)
 U - an uncursed staff of cold
 X - an uncursed staff of wizardry
Jewellery
 l - a +3 ring of strength
 t - a ring of protection from magic (right hand)
 v - a ring of fire (left hand)
 G - an uncursed ring of resist corrosion
 M - an uncursed ring of ice
 T - an uncursed amulet of harm
Wands
 r - a wand of flame (17)
 s - a wand of clouds (1)
 x - a wand of paralysis (4)
 B - a wand of polymorph (11)
 F - a wand of iceblast (20)
 O - a wand of disintegration (18)
 W - a wand of acid (8)
Scrolls
 h - 2 scrolls of random uselessness
 i - 3 scrolls of fear
 m - 2 scrolls of enchant armour
 q - a scroll of teleportation
 w - 3 scrolls of magic mapping
 y - 2 scrolls of immolation
 C - a scroll of blinking {unknown}
 E - 2 scrolls of fog
 H - 2 scrolls of remove curse
 J - a scroll of enchant weapon {unknown}
Potions
 d - 5 potions of brilliance
 e - 4 potions of flight
 f - a potion of magic
 j - 3 potions of agility
 k - 8 potions of curing
 o - 2 potions of might
 u - a potion of resistance
 z - 4 potions of haste
 I - a potion of invisibility
 K - a potion of mutation
Miscellaneous
 a - a fan of gales
 S - a lightning rod (1/4)
Comestibles
 c - 15 rations
 g - 7 chunks of flesh


   Skills:
 - Level 1.5 Dodging
 - Level 3.0 Stealth
 + Level 11.1 Spellcasting
 + Level 11.8 Conjurations
 + Level 12.1 Fire Magic


You had 20 spell levels left.
You knew the following spells:

 Your Spells              Type           Power        Failure   Level  Hunger
a - Flame Tongue          Conj/Fire      #####        1%          1    None
b - Conjure Flame         Conj/Fire      ######..     1%          3    None
c - Sticky Flame          Conj/Fire      ######..     1%          4    ##.....
d - Fireball              Conj/Fire      ######....   1%          5    ####...

Your spell library contained the following spells:

 Spells                   Type           Power        Failure   Level  Hunger
 Sting                    Conj/Pois      ####         1%          1    None
 Throw Flame              Conj/Fire      ######       1%          2    None
 Dazzling Spray           Conj/Hex       ####..       1%          3    None
 Inner Flame              Hex/Fire       ######..     1%          3    None
 Mephitic Cloud           Conj/Pois/Air  ####....     3%          3    None
 Animate Skeleton         Necr           N/A          6%          1    None
 Apportation              Tloc           ##....       6%          1    None
 Confusing Touch          Hex            ##....       6%          1    None
 Corona                   Hex            ##.....      6%          1    None
 Summon Butterflies       Summ           ##......     6%          1    None
 Summon Small Mammal      Summ           ##..         6%          1    None
 Ensorcelled Hibernation  Hex/Ice        ##....       10%         2    None
 Poisonous Vapours        Pois/Air       ##....       10%         2    None
 Venom Bolt               Conj/Pois      ####......   16%         5    ####...
 Call Canine Familiar     Summ           ##......     19%         3    None
 Confuse                  Hex            ##......     19%         3    None
 Gell's Gravitas          Tloc           ##........   19%         3    None
 Tukima's Dance           Hex            ##......     19%         3    None
 Olgreb's Toxic Radiance  Pois           ##......     52%         4    ##.....
 Petrify                  Tmut/Erth      ##......     52%         4    ##.....
 Summon Ice Beast         Ice/Summ       ##......     52%         4    ##.....
 Metabolic Englaciation   Hex/Ice        ##........   86%         5    ####...
 Summon Mana Viper        Hex/Summ       ##......     86%         5    ####...
 Yara's Violent Unravell  Hex/Tmut       ##........   86%         5    ####...
 Summon Hydra             Summ           ##........   100%        7    #######


Dungeon Overview and Level Annotations

Branches:
Dungeon (12/15)            Temple (1/1) D:5            Lair (1/6) D:11
    Orc (0/2) D:10

Altars:
Ashenzari
Cheibriados
Dithmenos
Elyvilon
Fedhas
Gozag
Hepliaklqana
Kikubaaqudgha
Makhleb
Nemelex Xobeh
Okawaru
Qazlal
Ru
Sif Muna
Trog
Uskayaw
Vehumet
Wu Jian
Xom
Yredelemnul
Zin
The Shining One

Shops:
D:4 }   D:10 [

Annotations:
D:11 3 runed doors, Nicholas's ghost, journeyman MiMo
D:12 3 runed doors, indyram44's ghost, journeyman MiFi
Lair:1 1 runed door, FlobFlarker's ghost, novice OgHu


Innate Abilities, Weirdness & Mutations

You cannot wear boots.
Your serpentine skin is tough. (AC +4)
You have supernaturally acute eyesight. (SInv)
Armour fits poorly on your strangely shaped body.
Your system is resistant to poisons. (rPois)
You cover ground very slowly.
You have a slow metabolism.
You can spit poison.


Message History

You feel a surge of power!
The sticky flame hits the water moccasin.
You kill the water moccasin!
Makhleb accepts your kill.
You feel better.
You feel sick.
Unknown command.
You feel sick.
You see here a black mamba corpse.
A black mamba comes into view.
You feel sick.
You see here a water moccasin corpse.
You feel sick.
You feel sick.
The black mamba hisses angrily.
The black mamba bites you but does no damage. x2
You see here an adder corpse.
You butcher the adder corpse.
You feel sick. The black mamba bites you!
* * * LOW HITPOINT WARNING * * *
The black mamba bites you!
You die...

#.# #.. #.# P.# #.# #.# #.#
. ##.##### ...
#..@S..##.....
##††###........
####..##W##.......
#....##...##..†...
#####..##..%..##....)
.#..###.###..#⌠.!♣...+.....
.............##..!..##$....
##..#P##.÷##..##...##......
# #P..##..##⌠##......$


You could see a black mamba and FlobFlarker's ghost.

Vanquished Creatures
  Fannar (D:11)
  2 two-headed ogres
  4 skeletal warriors (D:12)
  Pikel (D:6)
  2 ugly things (D:11)
  A deep elf mage (D:11)
  A centaur zombie (D:12)
  A manticore (D:11)
  Joseph (D:7)
  A black mamba (Lair:1)
  The ghost of Psyclone the Ducker, a novice DEFE (D:6)
  A kobold demonologist (D:6)
  2 gargoyles (D:11)
  A komodo dragon (Lair:1)
  A queen bee (D:9)
  4 trolls
  3 hippogriffs
  A slime creature (D:12)
  3 yaks (D:12)
  A wyvern (D:11)
  A basilisk (Lair:1)
  A hungry ghost (D:8)
  Menkaure (D:6)
  A porcupine (D:11)
  2 water moccasins
  Duvessa (D:6)
  5 ice beasts
  3 black bears
  6 orc warriors
  4 sky beasts
  4 phantoms
  2 slaves (D:6)
  8 ogres
  5 centaurs
  7 big kobolds (D:6)
  A crocodile (D:11)
  8 bullfrogs
  Dowan (D:6)
  A wyvern skeleton (D:12)
  5 scorpions
  4 wights
  25 killer bees
  An electric eel (D:12)
  A bullfrog zombie (D:7)
  4 crimson imps
  2 quasits
  4 jellies
  A centaur skeleton (D:4)
  7 hounds
  7 orc priests
  A gnoll shaman (D:8)
  8 orc wizards
  Jessica (D:3)
  4 bullfrog skeletons
  3 iguanas
  Natasha (twice) (D:3 D:5)
  12 worker ants
  5 worker ant zombies
  17 adders
  8 gnolls
  A howler monkey skeleton (D:4)
  A worker ant simulacrum (D:11)
  An adder zombie (D:9)
  2 worms (D:4)
  2 dart slugs (D:2)
  4 leopard geckos
  32 orcs
  6 bats
  5 giant cockroaches
  6 goblins
  8 hobgoblins
  2 jackals (D:7)
  4 quokkas
  2 ball pythons
  A jackal skeleton (D:4)
  8 kobolds
  4 rats
306 creatures vanquished.

Vanquished Creatures (others)
  2 slaves (D:6)
  A scorpion (D:6)
  A howler monkey (D:6)
  An orc wizard (D:6)
  An adder (D:8)
  A shadow imp (D:6)
  An orc (D:8)
  A plant (Lair:1)
9 creatures vanquished.

Grand Total: 315 creatures vanquished

Notes
Turn   | Place    | Note
-------+----------+-------------------------------------------
     0 | D:1      | Dfrag the Naga Fire Elementalist began the quest for the
                  | Orb.
     0 | D:1      | Reached XP level 1. HP: 15/15 MP: 3/3
    48 | D:1      | Reached XP level 2. HP: 4/22 MP: 0/5
   193 | D:1      | Reached XP level 3. HP: 15/28 MP: 0/6
   568 | D:2      | Reached XP level 4. HP: 17/36 MP: 0/8
   760 | D:2      | Noticed an ogre
   767 | D:2      | Learned a level 3 spell: Conjure Flame
   772 | D:2      | Learned a level 4 spell: Sticky Flame
   814 | D:2      | Killed an ogre
   814 | D:2      | Reached skill level 4 in Fire Magic
   814 | D:2      | Reached XP level 5. HP: 38/42 MP: 0/9
  1878 | D:3      | Reached XP level 6. HP: 49/49 MP: 8/11
  1922 | D:3      | Noticed Jessica
  1926 | D:3      | Killed Jessica
  1980 | D:3      | Found an iron altar of Okawaru.
  2015 | D:3      | Found a stormy altar of Qazlal.
  2021 | D:3      | Noticed Natasha
  2029 | D:3      | Killed Natasha
  2041 | D:3      | Found a blossoming altar of Fedhas.
  2074 | D:3      | Found a sacrificial altar of Ru.
  2375 | D:4      | Reached skill level 5 in Fire Magic
  2408 | D:4      | Found a radiant altar of Vehumet.
  2431 | D:4      | Reached XP level 7. HP: 30/55 MP: 2/13
  2541 | D:4      | Found Muqenaf's Gadget Shop.
  2643 | D:4      | Found a shadowy altar of Dithmenos.
  3136 | D:5      | Entered Level 5 of the Dungeon
  3220 | D:5      | Found a staircase to the Ecumenical Temple.
  3252 | Temple   | Entered the Ecumenical Temple
  3324 | Temple   | Became a worshipper of Makhleb the Destroyer
  3628 | D:5      | Noticed Natasha
  3631 | D:5      | Killed Natasha
  3633 | D:5      | Found an opulent altar of Gozag.
  3803 | D:6      | Reached XP level 8. HP: 60/62 MP: 2/15
  3804 | D:6      | Reached skill level 5 in Spellcasting
  3804 | D:6      | Reached skill level 5 in Conjurations
  3963 | D:6      | Reached skill level 6 in Fire Magic
  4072 | D:6      | Noticed a kobold demonologist
  4073 | D:6      | Noticed Psyclone's ghost (novice DEFE)
  4075 | D:6      | Found a runed gate.
  4076 | D:6      | Found a runed gate.
  4076 | D:6      | Found a runed gate.
  4080 | D:6      | Noticed Pikel
  4307 | D:6      | Killed Pikel
  4361 | D:6      | Reached skill level 7 in Fire Magic
  4373 | D:6      | Reached XP level 9. HP: 25/68 MP: 4/18
  4676 | D:6      | Noticed Dowan
  4676 | D:6      | Noticed Duvessa
  4722 | D:6      | Killed Duvessa
  4856 | D:6      | Killed Dowan
  4949 | D:6      | Reached * piety under Makhleb
  5110 | D:6      | Noticed Menkaure
  5115 | D:6      | Killed Menkaure
  5398 | D:7      | Reached skill level 8 in Fire Magic
  5821 | D:7      | Noticed Joseph
  5832 | D:7      | Killed Joseph
  5832 | D:7      | Reached XP level 10. HP: 62/75 MP: 5/21
  5981 | D:7      | Reached ** piety under Makhleb
  6646 | D:8      | Reached skill level 9 in Fire Magic
  6724 | D:8      | Found a white marble altar of Elyvilon.
  6809 | D:8      | Found a snail-covered altar of Cheibriados.
  6810 | D:8      | Found a bloodstained altar of Trog.
  6851 | D:8      | Got a shimmering robe
  6872 | D:8      | Identified the +1 robe of the Orb {rF+} (You found it on
                  | level 8 of the Dungeon)
  7447 | D:8      | Learned a level 5 spell: Fireball
  7786 | D:9      | Reached *** piety under Makhleb
  7936 | D:9      | Found a shattered altar of Ashenzari.
  8022 | D:10     | Entered Level 10 of the Dungeon
  8140 | D:10     | Found Lataoc's Antique Armour Shop.
  8262 | D:10     | Bought a glowing robe for 125 gold pieces
  8293 | D:10     | Noticed a two-headed ogre
  8309 | D:10     | Killed a two-headed ogre
  8420 | D:10     | Reached XP level 11. HP: 81/81 MP: 8/23
  8432 | D:10     | Reached skill level 10 in Fire Magic
  8441 | D:10     | Found a staircase to the Orcish Mines.
  9042 | D:11     | Noticed a brown ugly thing
  9053 | D:11     | Killed a brown ugly thing
  9302 | D:11     | Found a staircase to the Lair.
  9303 | D:11     | Reached skill level 10 in Conjurations
  9325 | D:11     | Noticed a purple ugly thing
  9336 | D:11     | Killed a purple ugly thing
  9570 | D:11     | Noticed a two-headed ogre
  9574 | D:11     | Killed a two-headed ogre
  9582 | D:11     | Found a runed gate.
  9583 | D:11     | Found a runed gate.
  9583 | D:11     | Found a runed gate.
  9585 | D:11     | Noticed Nicholas's ghost (journeyman MiMo)
  9665 | D:11     | Noticed Fannar
  9672 | D:11     | Killed Fannar
  9672 | D:11     | Reached **** piety under Makhleb
  9928 | D:11     | Noticed a manticore
  9932 | D:11     | Killed a manticore
  9936 | D:11     | Reached skill level 10 in Spellcasting
  9936 | D:11     | Reached skill level 11 in Fire Magic
 10514 | D:11     | Noticed a deep elf mage
 10517 | D:11     | Killed a deep elf mage
 10919 | D:9      | Reached XP level 12. HP: 81/88 MP: 24/26
 11064 | D:9      | Found a sparkling altar of Nemelex Xobeh.
 11412 | D:9      | Found an ancient bone altar of Kikubaaqudgha.
 11525 | D:6      | Killed Psyclone's ghost
 11797 | D:12     | Found a runed gate.
 11797 | D:12     | Found a runed gate.
 11797 | D:12     | Found a runed gate.
 11798 | D:12     | Noticed a tengu reaver
 11800 | D:12     | Noticed indyram44's ghost (journeyman MiFi)
 12071 | D:12     | Reached ***** piety under Makhleb
 12083 | D:12     | Reached skill level 12 in Fire Magic
 12538 | Lair:1   | Entered Level 1 of the Lair of Beasts
 12596 | Lair:1   | Noticed FlobFlarker's ghost (novice OgHu)
 12601 | Lair:1   | Found a runed door.
 12627 | Lair:1   | Slain by a black mamba

Vault maps used:
D:1:      minmay_arrival_four_houses, item_on_display_a
D:2:      hangedman_glass_teeth
D:3:      grunt_temple_overflow_forces_of_nature, overflow_temple_1_default,
          okawaru_ov_weapons_minmay, uniq_jessica, uniq_natasha
D:4:      nicolae_dithmenos_the_darkroom, serial_shops, nicolae_shop_crystal,
          first_ration, vehumet_altar_wand_db
D:5:      grunt_gozag_statues, minmay_temple_entry_glass
D:6:      gammafunk_ghost_nasty_kobolds, st_stairs_11, minmay_alternating_orb,
          uniq_menkaure, uniq_duvessa, uniq_pikel
D:7:      minmay_between, uniq_joseph
D:8:      kennysheep_six_static_rooms, minitemple, elyvilon_altar_3,
          lemuel_flamethrower_1
D:9:      lemuel_doored_altar, kennysheep_mini_moat,
          lemuel_zombie_altar_kikubaaqudgha, david_nohive_1
D:10:     orc_0_dummy, serial_shops, shop
D:11:     grunt_lair_entry_orc_guard_hut, gammafunk_ghost_spectres,
          wad_mini_maze, uniq_fannar
D:12:     gammafunk_ghost_split, minivault_4
Temple:   jpeg_temple_clearing
Lair:1:   minmay_lair_venomous_thicket, hellmonk_ghost_happy_afterlife,
          serial_rivers, chequers_serial_rivers_micro_e,
          chequers_serial_rivers_micro_a, chequers_serial_rivers_small_3,
          chequers_serial_rivers_marsh

Skill      XL: |  1  2  3  4  5  6  7  8  9 10 11 12 |
---------------+-------------------------------------+-----
Conjurations   | 2 3 4 6 8 9 10 11 | 11.8
Spellcasting   | 3 4 6 7 8 10 11 | 11.1
Fire Magic     | 4 5 7 8 9 11 12 | 12.1
Dodging        | |  1.5
Stealth        | |  3.0

Action                   |  1- 3 |  4- 6 |  7- 9 | 10-12 || total
-------------------------+-------+-------+-------+-------++-------
Melee: Unarmed           |    10 |    11 |    11 |       ||    32
       Falchion          |       |       |   110 |    37 ||   147
       Trident           |       |       |       |    43 ||    43
       Spear             |       |       |       |    28 ||    28
       Staff             |       |       |       |    52 ||    52
 Cast: Flame Tongue      |    30 |    65 |    85 |   222 ||   402
       Conjure Flame     |       |     1 |     1 |    15 ||    17
       Sticky Flame      |       |     3 |    45 |    97 ||   145
       Fireball          |       |       |       |    42 ||    42
 Abil: Spit Poison       |    23 |    18 |    14 |    32 ||    87
Evoke: Wand              |       |       |     2 |     2 ||     4
       Lightning rod     |       |       |       |     4 ||     4
  Use: Potion            |       |       |     1 |     3 ||     4
       Scroll            |       |       |     6 |    18 ||    24
 Stab: Sleeping          |       |       |     3 |     2 ||     5
  Eat: Chunk             |       |     7 |    13 |    28 ||    48
       Ration            |       |       |     1 |     2 ||     3
Armor: Robe              |     7 |    13 |    60 |   130 ||   210
       Skin              |       |       |    15 |     5 ||    20
Dodge: Dodged            |    30 |    37 |    92 |   197 ||   356
       Rpst.: Falchion   |       |       |    29 |    21 ||    50

Table legend:
 A = Non-vault XP
 B = Vault XP
 C = Vault XP percentage of total XP
 D = Non-vault monster count
 E = Vault monster count
 F = Vault count percentage of total count
                 A         B        C        D         E       F
            +---------+---------+-------+---------+---------+-------
      Total |   19768 |    7914 |  28.6 |     246 |      59 |  19.3
            +---------+---------+-------+---------+---------+-------
        D:1 |      54 |       0 |   0.0 |      24 |       0 |   0.0
        D:2 |     264 |       0 |   0.0 |      18 |       0 |   0.0
        D:3 |      51 |      72 |  58.5 |      10 |       2 |  16.7
        D:4 |     481 |       2 |   0.4 |      17 |       1 |   5.6
        D:5 |     186 |       0 |   0.0 |       7 |       0 |   0.0
        D:6 |     997 |    2943 |  74.7 |      18 |      21 |  53.8
        D:7 |    1293 |     696 |  35.0 |      32 |       5 |  13.5
        D:8 |    1032 |     475 |  31.5 |      27 |       4 |  12.9
        D:9 |    1292 |     992 |  43.4 |      21 |      12 |  36.4
       D:10 |    2739 |     127 |   4.4 |      24 |       2 |   7.7
       D:11 |    5212 |    2332 |  30.9 |      24 |       8 |  25.0
       D:12 |    4870 |      59 |   1.2 |      19 |       1 |   5.0
     Lair:1 |    1297 |     216 |  14.3 |       5 |       3 |  37.5
            +---------+---------+-------+---------+---------+-------
